 Dungeon Crawl Stone Soup version 0.17-a0-1625-g47e540b (webtiles) character file.

37 thrall606 the Skirmisher (level 3, 0/29 HPs)
             Began as a Demonspawn Abyssal Knight on Aug 2, 2015.
             Was a Follower of Lugonu.
             Slain by a gnoll
             ... wielding a +0 halberd
              (10 damage)
             ... on level 2 of the Dungeon.
             The game lasted 00:04:32 (1158 turns).

thrall606 the Skirmisher (DsAK)                     Turns: 1158, Time: 00:04:32

Health: 0/29       AC:  9    Str: 12    XL:     3   Next: 23%
Magic:  5/5        EV:  9    Int: 13    God:    Lugonu [*.....]
Gold:   32         SH:  0    Dex: 13    Spells: 0 memorised, 2 levels left

rFire  . . .     SeeInvis .     a - +2 falchion
rCold  . . .     Clarity  .     e - +1 scale mail
rNeg   . . .     SustAt   .     (no shield)
rPois  .         Gourm    .     (helmet restricted)
rElec  .         Spirit   .     (no cloak)
rCorr  .         Warding  .     (no gloves)
rMut   .         Stasis   .     (no boots)
MR     .....                    (no amulet)
Stlth  ..........               (no ring)
                                (no ring)

@: not resistant to hostile enchantments, extremely unstealthy
A: horns 1, thin metallic scales 1
a: Depart the Abyss, Renounce Religion


You were on level 2 of the Dungeon.
You worshipped Lugonu.
Lugonu was aware of your devotion.
You were not hungry.

You visited 1 branch of the dungeon, and saw 2 of its levels.
You visited the Abyss 1 time.

You collected 32 gold pieces.

Inventory:

Hand weapons
 a - a +2 falchion (weapon)
Armour
 b - a +0 leather armour
 d - a +0 ring mail
 e - a +1 scale mail (worn)
Comestibles
 c - 3 bread rations
 f - 4 chunks of flesh


   Skills:
 + Level 3.3 Fighting
 + Level 2.1 Long Blades
 + Level 2.4 Armour
 + Level 1.2 Dodging
 + Level 2.8 Invocations


You had 2 spell levels left.
You didn't know any spells.

Dungeon Overview and Level Annotations

Branches:
Dungeon (2/15)

Altars:


Innate Abilities, Weirdness & Mutations

You have a pair of small horns on your head.
You are partially covered in thin metallic scales (AC +2).


Message History

The gnoll hits you with a club.
The hobgoblin hits you but does no damage.
Things that are here:
a club; a goblin corpse You slash the gnoll!
Your headbutt misses the gnoll.
The gnoll is severely wounded.
The gnoll hits you but does no damage. The gnoll barely misses you.
The hobgoblin hits you but does no damage.
The gnoll hits you but does no damage.
You hit the gnoll.
You kill the gnoll!
Lugonu accepts your kill. The gnoll hits you with a spear.
The hobgoblin hits you but does no damage.
The gnoll hits you from afar with a halberd!
You hit the hobgoblin. Your headbutt misses the hobgoblin.
The hobgoblin is heavily wounded.
The gnoll barely misses you. The hobgoblin barely misses you.
The gnoll hits you from afar with a halberd!
You die...

...........
...........#.# .#
#..........#.# .#
...........#.# .#
...........#.# .#
...........#.# .#
.##'##.#####.# ##.######
.##.##.#####.###g.......
.'..............@g......
.#####.#########).g.....
.# #.# ......... .# #.#
.......... .. #.#
........... #.#
#....####### #.# #....#
#.# #....# #.#


You could see 2 gnolls and a hobgoblin.

Vanquished Creatures
  A gnoll (D:2)
  2 bats (D:1)
  A giant cockroach (D:2)
  7 goblins
  5 hobgoblins (D:1)
  3 kobolds (D:1)
  A ball python (D:1)
  A giant newt (D:1)
  2 jackals (D:1)
  3 rats (D:1)
26 creatures vanquished.

Notes
Turn   | Place    | Note
--------------------------------------------------------------
     0 | Abyss:1  | thrall606 the Demonspawn Abyssal Knight began the quest for the Orb.
     0 | Abyss:1  | Reached XP level 1. HP: 18/18 MP: 2/2
    73 | Abyss:1  | Noticed a neqoxec
    76 | D:1      | Escaped the Abyss
   130 | D:1      | Reached skill level 1 in Dodging
   383 | D:1      | Gained mutation: You are partially covered in thin metallic scales (AC +2). [demonic ancestry]
   383 | D:1      | Reached XP level 2. HP: 22/24 MP: 3/3
   386 | D:1      | Acquired Lugonu's first power
  1154 | D:2      | Gained mutation: You have a pair of small horns on your head. [demonic ancestry]
  1154 | D:2      | Reached XP level 3. HP: 26/29 MP: 5/5
  1158 | D:2      | Slain by a gnoll

Vault maps used:
D:1:      evilmike_arrival_hilbert_curve
D:2:      cheibriados_altar_1, first_bread, uniq_jessica
Abyss:1:  hangedman_abyss_or_decor_stabs

Action                   || total
-------------------------++-------
Melee: Falchion          ||    94
Invok: Depart the Abyss  ||     1
  Use: Scroll            ||     6
       Potion            ||     2
  Eat: Chunk             ||     1
